 Dungeon Crawl Stone Soup version 0.17-a0-1769-g54adf96 (webtiles) character file.

210 TruthSerum the Skirmisher (level 5, -5/61 HPs)
             Began as an Ogre Berserker on Sept 8, 2015.
             Was a Believer of Trog.
             Slain by a worm (10 damage)
             ... on level 3 of the Dungeon.
             The game lasted 00:05:58 (1998 turns).

TruthSerum the Skirmisher (Ogre Berserker)          Turns: 1998, Time: 00:05:58

Health: -5/61      AC:  3    Str: 22    XL:     5   Next: 87%
Magic:  5/5        EV: 10    Int:  6    God:    Trog [**....]
Gold:   55         SH:  0    Dex: 10    Spells: 0 memorised, 4 levels left

rFire  . . .     SeeInvis .     a - +0 mace
rCold  + . .     Clarity  .     b - +0 animal skin
rNeg   . . .     SustAt   .     (no shield)
rPois  .         Gourm    .     (helmet restricted)
rElec  .         Spirit   .     (no cloak)
rCorr  .         Warding  .     (gloves unavailable)
rMut   .         Stasis   .     (boots unavailable)
MR     .....                    (no amulet)
Stlth  +.........               (no ring)
                                (no ring)

@: exhausted, slowed, very slow, not resistant to hostile enchantments, very
unstealthy
A: unfitting armour, cold resistance 1, tough skin 1
a: Burn Spellbooks, Berserk, Trog's Hand, Renounce Religion


You were on level 3 of the Dungeon.
You worshipped Trog.
Trog was pleased with you.
You were not hungry.

You visited 1 branch of the dungeon, and saw 3 of its levels.

You collected 55 gold pieces.

Inventory:

Hand weapons
 a - a +0 mace (weapon)
Armour
 b - a +0 animal skin (worn)
Scrolls
 e - a scroll of teleportation {unknown}
 g - a scroll of enchant armour {unknown}
 k - a scroll of immolation {unknown}
 l - a scroll of blinking
Potions
 j - 2 potions of curing {unknown}
 n - 4 potions of might {unknown}
Comestibles
 c - 2 bread rations
 f - a chunk of flesh
 h - a beef jerky
 m - a meat ration


   Skills:
 + Level 6.7 Fighting
 + Level 6.3 Maces & Flails
 - Level 2.6 Dodging


You had 4 spell levels left.
You didn't know any spells.

Dungeon Overview and Level Annotations

Branches:
Dungeon (3/15)

Altars:


Innate Abilities, Weirdness & Mutations

You are too large for most types of armour.
You have tough skin (AC +1).
Your flesh is cold resistant.


Message History

The worm bites you.
You barely miss the worm.
The worm is moderately wounded.
The worm bites you!
* * * LOW HITPOINT WARNING * * *
You sock the worm!
The worm is almost dead.
The worm bites you but does no damage.
You barely miss the worm.
The worm is almost dead.
The worm bites you.
* * * LOW HITPOINT WARNING * * *
You barely miss the worm.
The worm is severely wounded.
The worm bites you.
* * * LOW HITPOINT WARNING * * *
You hit the worm.
The worm is severely wounded.
The worm bites you!
You die...

#### ##### ...
#...# ##.##...#
####...#@w)####.#
..(...............
#####.#))#######...
......†<.......#
####.#.#..####.# ..
#.....# #. ##....#
##...# ##..#


You could see a worm.

Vanquished Creatures
  2 orc priests (D:3)
  A worker ant (D:3)
  An adder (D:2)
  3 gnolls (D:3)
  2 oozes (D:2)
  6 worms
  3 orcs (D:3)
  6 bats
  2 giant cockroaches (D:2)
  9 goblins
  6 hobgoblins
  2 quokkas (D:2)
  A ball python (D:2)
  3 giant geckos
  2 giant newts
  8 kobolds
  7 rats
64 creatures vanquished.

Notes
Turn   | Place    | Note
--------------------------------------------------------------
     0 | D:1      | TruthSerum the Ogre Berserker began the quest for the Orb.
     0 | D:1      | Reached XP level 1. HP: 24/24 MP: 1/1
   147 | D:1      | Reached XP level 2. HP: 25/33 MP: 2/2
   796 | D:2      | Reached XP level 3. HP: 41/41 MP: 3/3
   826 | D:2      | Acquired Trog's second power
   826 | D:2      | Reached skill level 5 in Fighting
  1134 | D:2      | Reached skill level 5 in Maces & Flails
  1299 | D:2      | Reached XP level 4. HP: 30/50 MP: 4/4
  1915 | D:2      | Gained mutation: Your flesh is cold resistant. [potion of beneficial mutation]
  1954 | D:3      | Reached skill level 6 in Fighting
  1956 | D:3      | Reached XP level 5. HP: 59/59 MP: 5/5
  1998 | D:3      | Slain by a worm

Vault maps used:
D:1:      scummos_arrival_hexagon, patterned_corridor
D:2:      lemuel_upstairs_altar, st_stairs_1, minmay_box_of_dots
D:3:      tgw_xom, evilmike_ruin_ashenzari, tso_metal_star, first_bread,
          kennysheep_generic_room_13, uniq_iyjb, uniq_grinder

Action                   |  1- 3 |  4- 6 || total
-------------------------+-------+-------++-------
Melee: Mace              |   144 |    82 ||   226
Invok: Berserk           |       |     1 ||     1
  Use: Scroll            |       |     2 ||     2
       Potion            |       |     1 ||     1
  Eat: Chunk             |     1 |     4 ||     5
